 Dungeon Crawl Stone Soup version 0.20-a0-1126-g0f15420 (webtiles) character file.

39 HAL9000 the Skirmisher (level 3, -1/39 HPs)
             Began as an Ogre Hunter on May 17, 2017.
             Slain by a goblin
             ... wielding a +0 dagger
             ... led by Robin
              (4 damage)
             ... on level 1 of the Dungeon.
             The game lasted 00:01:59 (1410 turns).

HAL9000 the Skirmisher (Ogre Hunter)                Turns: 1410, Time: 00:02:00

Health: -1/39      AC:  3    Str: 17    XL:     3   Next: 45%
Magic:  3/3        EV: 10    Int: 12    God:
Gold:   39         SH:  0    Dex:  9    Spells: 2/2 levels left

rFire    . . .     SeeInvis .   a - +0 short sword
rCold    . . .     Gourm    .   (no shield)
rNeg     . . .     Faith    .   b - +0 robe
rPois    .         Spirit   .   (helmet restricted)
rElec    .         Reflect  .   (no cloak)
rCorr    .         Harm     .   (gloves unavailable)
MR       .....                  (boots unavailable)
Stlth    +.........             (no amulet)
Regen    0.2/turn               (no ring)
MPRegen  0.1/turn               (no ring)

@: no status effects
A: unfitting armour, tough skin 1
a: no special abilities


You were on level 1 of the Dungeon.
You were hungry.

You visited 1 branch of the dungeon, and saw 2 of its levels.

You collected 39 gold pieces.

Inventory:

Hand Weapons
 a - a +0 short sword (weapon)
 h - a +0 club
Missiles
 c - 5 large rocks (quivered)
 d - 2 throwing nets
Armour
 b - a +0 robe (worn)
Scrolls
 g - 2 scrolls of identify {unknown}
 k - a scroll of random uselessness {unknown}
Potions
 j - a potion of haste
 l - 2 potions of heal wounds {unknown}
Comestibles
 f - a bread ration


   Skills:
 - Level 4.2 Fighting
 + Level 1.4 Maces & Flails
 - Level 4.0 Throwing
 - Level 1.7 Dodging
 - Level 0.6 Stealth


You had 2 spell levels left.
You didn't know any spells.

Dungeon Overview and Level Annotations

Branches:
Dungeon (2/15)

Altars:


Innate Abilities, Weirdness & Mutations

You are too large for most types of armour.
You have tough skin. (AC +1)


Message History

The hobgoblin is heavily wounded.
The hobgoblin hits you. The goblin hits you but does no damage.
You hit the hobgoblin.
The hobgoblin is almost dead.
The hobgoblin hits you but does no damage.
The goblin hits you with a dagger.
You hit the hobgoblin.
You kill the hobgoblin!
The goblin hits you with a dagger.
* * * LOW HITPOINT WARNING * * *
You barely miss the goblin. The goblin closely misses you.
You miss the goblin. The goblin hits you but does no damage.
You barely miss the goblin. The goblin barely misses you.
You closely miss the goblin. The goblin hits you but does no damage.
You hit the goblin but do no damage. The goblin hits you with a dagger.
* * * LOW HITPOINT WARNING * * *
You barely miss the goblin. The goblin hits you with a dagger.
* * * LOW HITPOINT WARNING * * *
You closely miss the goblin. The goblin hits you with a dagger.
You die...

########### #.........##
### #.....†....#######
##.###.##.###..........
##.#.##.##.###.#.#######
#.###...##...#.#.......#
##.#.##.####.#.#..####.#
##.###.# #.............
##.# #@# #..#.#..####.#
#..# #g# #.)........#.#
#.## #.###..#######.#.#
#.# #..>...# #.#.# #.#
######..# #†#.# #.#
#.......# #.#.# #.#
#.####..# #.#.# #># #.#
#..# #.#.# #.# #.#
#..#######.#.#


You could see a goblin.

Vanquished Creatures
  A gnoll (D:1)
  An ooze (D:1)
  A dart slug (D:1)
  A leopard gecko (D:1)
  A giant cockroach (D:1)
  3 goblins (D:1)
  4 hobgoblins (D:1)
  3 jackals (D:1)
  2 ball pythons (D:1)
  2 bats (D:1)
  2 frilled lizards (D:1)
21 creatures vanquished.

Notes
Turn   | Place    | Note
-------+----------+-------------------------------------------
     0 | D:1      | HAL9000 the Ogre Hunter began the quest for the Orb.
     0 | D:1      | Reached XP level 1. HP: 22/22 MP: 1/1
   292 | D:1      | Reached XP level 2. HP: 21/32 MP: 2/2
   619 | D:1      | Reached XP level 3. HP: 15/39 MP: 3/3
   896 | D:1      | Reached skill level 1 in Maces & Flails
  1410 | D:1      | Slain by a goblin

Vault maps used:
D:1:      dpeg_arrival_stonehenge_8_columns, minmay_pentomino_t2
D:2:      lemuel_crystal_altar, chequers_ecumenical_altar_twisty, uniq_robin

Skill      XL: |  1  2  3 |
---------------+----------+-----
Fighting       | 3 4 |  4.2
Maces & Flails | 1 |  1.4
Throwing       | |  4.0
Dodging        | |  1.7
Stealth        | |  0.6

Action                   || total
-------------------------++-------
Melee: Short sword       ||   108
  Use: Potion            ||     1
  Eat: Chunk             ||     1
Armor: Robe              ||    34
Dodge: Dodged            ||    78
